[Event "25th European Club Cup Women 2021"]
[Site "Struga"]
[Date "2021.09.19"]
[Round "2.15"]
[White "Badelka, Olga"]
[Black "Cramling, Pia"]
[Result "1-0"]
[ECO "B82"]
[WhiteElo "2422"]
[BlackElo "2455"]
[Annotator "ChessBase"]
[PlyCount "143"]
[EventDate "2021.09.18"]
[EventType "team-tourn"]
[EventCountry "MKD"]
[SourceTitle "playchess.com"]
[Source "ChessBase"]
[SourceQuality "1"]
[TimeControl "40/5400+30:1800+30"]

1. e4 c5 2. Nc3 Nc6 3. Nf3 e6 4. d4 cxd4 5. Nxd4 d6 6. f4 Nf6 7. Be3 Be7 8. Qf3 e5 9. Nf5 Bxf5 10. exf5 Qa5 11. O-O-O e4 12. Nxe4 Qxa2 13. Nc3 Qa1+ 14. Kd2 Qa5 15. Bb5 d5 16. Ra1 Qc7 17. Kc1 O-O 18. Rd1 d4 19. Bxd4 Nxd4 20. Rxd4 a6 21. Bd3 Bc5 22. Nd5 Nxd5 23. Rxd5 Rfe8 24. Re5 Rxe5 25. fxe5 Qxe5 26. Kb1 Qe1+ 27. Ka2 Qa5+ 28. Kb1 Qe1+ 29. Ka2 Qa5+ 30. Kb1 Qb6 31. c3 Qb3 32. Bc2 Qb6 33. Ka2 Qa5+ 34. Kb1 Qc7 35. Ka2 Qa5+ 36. Kb1 Qc7 37. Ka2 Be7 38. Rd1 Bf6 39. Rd5 Re8 40. h3 h6 41. Bb3 b5 42. Qf2 Qa5+ 43.
Kb1 Re7 44. Qc5 Rc7 45. Qe3 Re7 46. Qc5 Rc7 47. Qe3 Kh7 48.
Qd2 Qb6 49. Rd7 Qc5 50. g4 Bg5 51. Qd3 Rxd7 52. Qxd7 Qe7 53. Qxe7 Bxe7 54. Bxf7 h5 55. Bxh5 Kh6 56. Kc2 Kg5 57. Kd3 Kh4 58. Kd4 Kxh3 59. Kd5 a5 60. Kc6 b4 61. Kb5 Bf6 62. c4 Bd8 63.
c5 Kh4 64. c6 Kg5 65. b3 Kf6 66. Kc5 Bc7 67. Be8 Ke7 68. Bd7 Kf6 69. Be6 Kg5 70. Kb5 Kf6 71. Ka6 Ke7 72. Kb7 1-0

[Event "25th European Club Cup Women 2021"]
[Site "Struga"]
[Date "2021.09.19"]
[Round "2.16"]
[White "Paehtz, Elisabeth"]
[Black "Maltsevskaya, Aleksandra"]
[Result "1/2-1/2"]
[ECO "D78"]
[WhiteElo "2465"]
[BlackElo "2407"]
[Annotator "ChessBase"]
[PlyCount "108"]
[EventDate "2021.09.18"]
[EventType "team-tourn"]
[EventCountry "MKD"]
[SourceTitle "playchess.com"]
[Source "ChessBase"]
[SourceQuality "1"]
[TimeControl "40/5400+30:1800+30"]

1. d4 Nf6 2. g3 g6 3. Bg2 d5 4. c4 Bg7 5. Qa4+ c6 6. Nf3 O-O 7. O-O Nbd7 8.
cxd5 Nb6 9. Qa3 Nfxd5 10. e4 Nc7 11. Nc3 Bg4 12. Ne5 Be6 13.
Rd1 f6 14. Nf3 Bf7 15. b3 Nc8 16. Bf4 Nd6 17. Rac1 Ncb5 18. Nxb5 Nxb5 19. Qc5 Qb6 20. Qc2 Rfd8 21. Be3 Qa5 22. Bf1 Nd6 23. Be2 Rac8 24. Nd2 Qc7 25. Bf1 Qd7 26. a4 b6 27. Nc4 Nxc4 28. bxc4 Qe8 29. c5 bxc5 30. Qxc5 Qd7 31. Ba6 Rb8 32. Bc4 Rbc8 33. Kg2 f5 34. Bxf7+ Kxf7 35. Qc4+ e6 36. f3 Bf6 37. g4 Qe7 38. Qc5 Qxc5 39. dxc5 Rxd1 40. Rxd1 Rd8 41. Rb1 Rd7 42. Kf2 Bd8 43. Ke2 Kf6 44. g5+ Kf7 45. Rb8 e5 46. h4 Ba5 47. Rh8 Ke6 48. Rc8 Rc7 49. Rd8 Rd7 50.
Rb8 Rd8 51. Rb7 Rd7 52. Rb8 Rd8 53. Rb7 Rd7 54. Rb8 Rd8 1/2-1/2

[Event "25th European Club Cup Women 2021"]
[Site "Struga"]
[Date "2021.09.20"]
[Round "3.2"]
[White "Heinemann, Josefine"]
[Black "Dzagnidze, Nana"]
[Result "0-1"]
[ECO "B10"]
[WhiteElo "2292"]
[BlackElo "2525"]
[Annotator "ChessBase"]
[PlyCount "56"]
[EventDate "2021.09.18"]
[EventType "team-tourn"]
[EventCountry "MKD"]
[SourceTitle "playchess.com"]
[Source "ChessBase"]
[SourceQuality "1"]
[TimeControl "40/5400+30:1800+30"]

1. e4 c6 2. Nf3 d5 3. d3 dxe4 4. dxe4 Qxd1+ 5. Kxd1 Nf6 6. Nfd2 Ng4 7. Ke1 e5 8. Nb3 f5 9. N1d2 Nf6 10. Bd3 g6 11. f3 Be6 12. Kf2 Nbd7 13.
Re1 O-O-O 14. exf5 gxf5 15. Bc4 Nd5 16. a4 Re8 17. g3 Nb4 18.
Bd3 h5 19. Re2 h4 20. Kg2 hxg3 21. hxg3 Re7 22. Na5 Nxd3 23. cxd3 Bd5 24. Nac4 Reh7 25. Nf1 e4 26. Ncd2 exd3 27. Re3 Bc5 28. Rxd3 Rh1 0-1

[Event "25th European Club Cup Women 2021"]
[Site "Struga"]
[Date "2021.09.20"]
[Round "3.3"]
[White "Paehtz, Elisabeth"]
[Black "Dordzhieva, Dinara"]
[Result "1-0"]
[ECO "C54"]
[WhiteElo "2465"]
[BlackElo "2303"]
[Annotator "ChessBase"]
[PlyCount "109"]
[EventDate "2021.09.18"]
[EventType "team-tourn"]
[EventCountry "MKD"]
[SourceTitle "playchess.com"]
[Source "ChessBase"]
[SourceQuality "1"]
[TimeControl "40/5400+30:1800+30"]

1. e4 e5 2. Nf3 Nc6 3. Bc4 Bc5 4. d3 Nf6 5. c3 d6 6. Bb3 a5 7. h3 h6 8. Nbd2 O-O 9. O-O Ba7 10. Re1 Ne7 11. Nf1 Ng6 12. Ng3 Be6 13.
d4 Qc8 14. Be3 Re8 15. Bc2 Qb8 16. Qd2 Kh7 17. Nf5 Ng8 18. Nh2 f6 19. Ng3 b5 20. Nh5 Bf7 21. f4 Nxf4 22. Nxf4 exf4 23. Bxf4 Bg6 24. Kh1 Kh8 25. Nf1 Qb7 26. Ng3 c5 27. Bb3 Rad8 28. Bd5 Qb6 29. Rad1 Kh7 30. h4 Kh8 31. h5 Bh7 32. Bf7 Re7 33. Bg6 Bxg6 34. hxg6 Qc6 35. dxc5 Bxc5 36. Qe2 Re6 37. Qg4 Qe8 38. Re2 Rd7 39. Rd5 f5 40.
exf5 Rxe2 41. Qxe2 Re7 42. Qf3 Re1+ 43. Kh2 Rb1 44. Rd2 Qd8 45. Kh3 Nf6 46. Re2 b4 47. cxb4 axb4 48. Qc6 Ra1 49. Re6 Bf2 50. Qxd6 Qxd6 51. Rxd6 Bxg3 52. Rd8+ Ng8 53. Kxg3 Rxa2 54. Be5 Ra6 55. Rb8 1-0

[Event "25th European Club Cup Women 2021"]
[Site "Struga"]
[Date "2021.09.20"]
[Round "3.4"]
[White "Hrescak, Ivana"]
[Black "Skripchenko, Almira"]
[Result "1/2-1/2"]
[ECO "D27"]
[WhiteElo "2142"]
[BlackElo "2396"]
[Annotator "NA"]
[PlyCount "60"]
[EventDate "2021.09.18"]
[EventType "team-tourn"]
[EventCountry "MKD"]
[SourceTitle "playchess.com"]
[Source "ChessBase"]
[SourceQuality "1"]
[TimeControl "40/5400+30:1800+30"]

1. d4 d5 2. c4 dxc4 3. Nf3 e6 4. e3 c5 5. Bxc4 Nf6 6. O-O a6 7. dxc5 Qxd1 8. Rxd1 Bxc5 9. a3 b5 10. Be2 Bb7 11. b4 Be7 12. Bb2 Nbd7 13.
Nbd2 Rc8 14. Rac1 O-O 15. Nb3 Bd5 16. Nfd2 Nb6 17. Bd4 Na4 18. Rxc8 Rxc8 19. Rc1 Rxc1+ 20. Nxc1 Nd7 21. e4 Ba8 22. f4 Nab6 23. Ncb3 f6 24. Be3 Kf7 25. Bd3 Na4 26. Bc2 e5 27. f5 Bd6 28. Kf2 Ke7 29. Na5 Nc3 30. Nab3 Na4 1/2-1/2

[Event "25th European Club Cup Women 2021"]
[Site "Struga"]
[Date "2021.09.20"]
[Round "3.6"]
[White "Gunina, Valentina"]
[Black "Cvitan, Ena"]
[Result "0-1"]
[ECO "D37"]
[WhiteElo "2446"]
[BlackElo "2284"]
[Annotator "NA"]
[PlyCount "138"]
[EventDate "2021.09.18"]
[EventType "team-tourn"]
[EventCountry "MKD"]
[SourceTitle "playchess.com"]
[Source "ChessBase"]
[SourceQuality "1"]
[TimeControl "40/5400+30:1800+30"]

1. d4 d5 2. c4 e6 3. Nf3 a6 4. cxd5 exd5 5. Nc3 Nf6 6. Bg5 Be6 7. e3 Nbd7 8. Bd3 Bd6 9. O-O c6 10. h3 Qc7 11. Qd2 h6 12. Bf4 g5 13.
Bxd6 Qxd6 14. Nh2 Rg8 15. f3 h5 16. Be2 g4 17. fxg4 hxg4 18.
hxg4 O-O-O 19. Rf4 Rg7 20. Raf1 Rh8 21. R1f2 Nf8 22. g3 Ne4 23. Rxe4 dxe4 24. Nxe4 Qc7 25. Qb4 a5 26. Qd6 Bxa2 27. Qf6 Ne6 28. Bf3 Bd5 29. Nf1 Rgh7 30. g5 Rg8 31. Qf5 Rhg7 32. Bh5 Kb8 33. Nf6 Rxg5 34. Nxd5 Rxf5 35. Nxc7 Rxf2 36. Na6+ Ka7 37. Kxf2 Kxa6 38. Nd2 Rh8 39. Be2+ b5 40. Ne4 Rh2+ 41. Ke1 Kb6 42. Kd1 a4 43. Kd2 Kc7 44. g4 Kd7 45. Kd3 Ke7 46.
Kd2 Nc7 47. Ng5 b4 48. Ne4 Nd5 49. Nc5 a3 50. bxa3 Nc3 51. axb4 Nxe2 52. Kd3 Nc1+ 53. Kc3 Rg2 54. e4 Rg3+ 55. Kc4 Ne2 56. Nd3 Kd6 57. g5 Kc7 58. d5 cxd5+ 59.
exd5 Rxg5 60. Nc5 Rg4+ 61. Kd3 Nf4+ 62. Ke4 Ng6+ 63. Kf5 Rf4+ 64. Kg5 Kd6 65. Nd3 Rd4 66. Nf2 Rxb4 67. Ng4 Rxg4+ 68. Kxg4 Kxd5 69. Kf5 Ne5 0-1

[Event "25th European Club Cup Women 2021"]
[Site "Struga"]
[Date "2021.09.20"]
[Round "3.7"]
[White "Urh, Zala"]
[Black "Badelka, Olga"]
[Result "0-1"]
[ECO "D38"]
[WhiteElo "2234"]
[BlackElo "2422"]
[Annotator "NA"]
[PlyCount "86"]
[EventDate "2021.09.18"]
[EventType "team-tourn"]
[EventCountry "MKD"]
[SourceTitle "playchess.com"]
[Source "ChessBase"]
[SourceQuality "1"]
[TimeControl "40/5400+30:1800+30"]

1. d4 Nf6 2. c4 e6 3. Nf3 d5 4. Nc3 Bb4 5. cxd5 exd5 6. Bf4 O-O 7. e3 c6 8. Rc1 Re8 9. Bd3 Nbd7 10. O-O Nf8 11. a3 Bd6 12. Ne5 Ng6 13.
Nxg6 hxg6 14. Bg3 Bxg3 15. hxg3 Bf5 16. Bxf5 gxf5 17. Qf3 g6 18. b4 Kg7 19. b5 Rc8 20. bxc6 Rxc6 21. Na4 Qd6 22. Rxc6 Qxc6 23. Qd1 b6 24. Nb2 Qc3 25. Qa1 Rh8 26. Rd1 Qc2 27. Qc1 Qe2 28. f3 Nh5 29. Qd2 Qa6 30. Kf2 Qxa3 31. Nd3 Qd6 32. Nf4 Nxf4 33. exf4 b5 34. Qa2 Qc6 35. Re1 a6 36. Re5 Qc4 37. Qa1 b4 38.
g4 fxg4 39. fxg4 b3 40. f5 Rb8 41. fxg6 b2 42. Qh1 Qxd4+ 43.
Re3 Rh8 0-1

[Event "25th European Club Cup Women 2021"]
[Site "Struga"]
[Date "2021.09.20"]
[Round "3.10"]
[White "Muzychuk, Mariya"]
[Black "Radeva, Viktoria"]
[Result "1-0"]
[ECO "B42"]
[WhiteElo "2540"]
[BlackElo "2350"]
[Annotator "ChessBase"]
[PlyCount "115"]
[EventDate "2021.09.18"]
[EventType "team-tourn"]
[EventCountry "MKD"]
[SourceTitle "playchess.com"]
[Source "ChessBase"]
[SourceQuality "1"]
[TimeControl "40/5400+30:1800+30"]

1. e4 c5 2. Nf3 e6 3. d4 cxd4 4. Nxd4 a6 5. Bd3 Nf6 6. O-O d6 7. c4 g6 8. Nc3 Bg7 9. Nf3 O-O 10. Be2 Qc7 11. Bf4 Rd8 12. Qd2 e5 13.
Bg5 Be6 14. Rfd1 Nc6 15. Rac1 Ne7 16. h3 Rac8 17. b3 b6 18.
Qe3 Qb7 19. Ne1 Rd7 20. Nc2 Ne8 21. Nb4 Nc6 22. Nxc6 Rxc6 23. Nd5 Bxd5 24. cxd5 Rxc1 25. Rxc1 f6 26. Bh4 Rc7 27. Rxc7 Nxc7 28. f3 b5 29. Bf2 Kf7 30. Qb6 Qxb6 31. Bxb6 Na8 32. Ba5 Bh6 33. Kf2 Bc1 34. a4 Ba3 35. axb5 Bc5+ 36. Kf1 axb5 37. Bxb5 Nb6 38. Ke2 Ke7 39. Bd2 Kd8 40. g3 Nc8 41. f4 Ke7 42. Kf3 Nb6 43. Bc6 Nc8 44. h4 Bd4 45. f5 Kf7 46. Bd7 Nb6 47. Be6+ Ke7 48.
g4 Nd7 49. Bxd7 Kxd7 50. fxg6 hxg6 51. h5 gxh5 52. gxh5 Ke7 53. Kg4 Kf7 54. Kf5 Bc5 55. b4 Bd4 56. b5 Bb6 57. h6 Bc7 58. Be3 1-0

[Event "25th European Club Cup Women 2021"]
[Site "Struga"]
[Date "2021.09.20"]
[Round "3.12"]
[White "Buksa, Nataliya"]
[Black "Krasteva, Beloslava"]
[Result "0-1"]
[ECO "B81"]
[WhiteElo "2417"]
[BlackElo "2217"]
[Annotator "NA"]
[PlyCount "58"]
[EventDate "2021.09.18"]
[EventType "team-tourn"]
[EventCountry "MKD"]
[SourceTitle "playchess.com"]
[Source "ChessBase"]
[SourceQuality "1"]
[TimeControl "40/5400+30:1800+30"]

1. e4 c5 2. Nf3 d6 3. d4 cxd4 4. Nxd4 Nf6 5. Nc3 a6 6. h3 e6 7. g4 Be7 8. g5 Nfd7 9. h4 b5 10. a3 Bb7 11. Be3 Nc6 12. Rg1 Rc8 13.
f4 O-O 14. h5 Na5 15. h6 g6 16. f5 exf5 17. exf5 Re8 18. Kf2 Nc4 19. Bxc4 Rxc4 20. Nf3 Qc8 21. Nd5 Bd8 22. c3 Ne5 23. fxg6 fxg6 24. Nxe5 Rxe5 25. Nf4 Bb6 26. Bd4 Bxd4+ 27. cxd4 Rc2+ 28. Kf1 Qc4+ 29. Nd3 Qf7+ 0-1

[Event "25th European Club Cup Women 2021"]
[Site "Struga"]
[Date "2021.09.20"]
[Round "3.14"]
[White "Atalik, Ekaterina"]
[Black "Toncheva, Nadya"]
[Result "1-0"]
[ECO "D02"]
[WhiteElo "2429"]
[BlackElo "2178"]
[Annotator "NA"]
[PlyCount "47"]
[EventDate "2021.09.18"]
[EventType "team-tourn"]
[EventCountry "MKD"]
[SourceTitle "playchess.com"]
[Source "ChessBase"]
[SourceQuality "1"]
[TimeControl "40/5400+30:1800+30"]

1. d4 d5 2. Nf3 Nf6 3. Bf4 c5 4. e3 Nc6 5. Nbd2 Qb6 6. dxc5 Qxb2 7. Rb1 Qc3 8. Bb5 e6 9. Be5 Qxc5 10. c4 Bd7 11. Bxf6 gxf6 12. cxd5 Qxd5 13. O-O Nd8 14. Qa4 a6 15. Bxd7+ Qxd7 16. Qf4 Be7 17. Ne4 f5 18. Rfd1 Qc6 19. Ng3 Rc8 20. Ne5 Qc5 21. Nd7 Qc7 22. Qh6 f6 23. Nh5 Nc6 24. Qg7 1-0

[Event "25th European Club Cup Women 2021"]
[Site "Struga"]
[Date "2021.09.20"]
[Round "3.15"]
[White "Djukic, Sandra"]
[Black "Bulmaga, Irina"]
[Result "0-1"]
[ECO "D55"]
[WhiteElo "2127"]
[BlackElo "2407"]
[Annotator "NA"]
[PlyCount "92"]
[EventDate "2021.09.18"]
[EventType "team-tourn"]
[EventCountry "MKD"]
[SourceTitle "playchess.com"]
[Source "ChessBase"]
[SourceQuality "1"]
[TimeControl "40/5400+30:1800+30"]

1. d4 Nf6 2. c4 e6 3. Nf3 d5 4. Nc3 Be7 5. Bg5 h6 6. Bxf6 Bxf6 7. cxd5 exd5 8.
e3 O-O 9. Rc1 c6 10. Bd3 Nd7 11. O-O Re8 12. Qc2 Nb6 13. h3 Bd7 14. Ne2 Nc8 15. Ng3 Nd6 16. Qb3 g6 17. Rfe1 Rb8 18. Qa3 Be7 19. Qc3 a5 20. Red1 f5 21. Ne5 Kh7 22. a4 Ne4 23. Bxe4 fxe4 24. Nxd7 Qxd7 25. b3 Bb4 26. Qc2 Rf8 27. Qe2 Bd6 28. Nf1 Rf5 29. Rc2 Rbf8 30. Ra1 Rg5 31. Kh1 Rf3 32. Ng3 Bxg3 33. fxg3 Rfxg3 34. Rf1 Rxh3+ 35. Kg1 Rhg3 36. Rf2 h5 37. Qf1 Rf5 38. Rxf5 gxf5 39. Qe1 Qg7 40. Qxa5 Rxe3 41. Qd8 Rg3 42. Kh2 Rg4 43. b4 f4 44. Re2 Qxd4 45. Qd7+ Qg7 46. Qf5+ Kh6 0-1

[Event "25th European Club Cup Women 2021"]
[Site "Struga"]
[Date "2021.09.20"]
[Round "3.16"]
[White "Stojkovska, Monika"]
[Black "Galunova, Tsveta"]
[Result "0-1"]
[ECO "C54"]
[WhiteElo "2081"]
[BlackElo "2190"]
[Annotator "NA"]
[PlyCount "72"]
[EventDate "2021.09.18"]
[EventType "team-tourn"]
[EventCountry "MKD"]
[SourceTitle "playchess.com"]
[Source "ChessBase"]
[SourceQuality "1"]
[TimeControl "40/5400+30:1800+30"]

1. e4 e5 2. Nf3 Nc6 3. Bc4 Bc5 4. O-O Nf6 5. d3 a6 6. c3 Ba7 7. a4 h6 8. Re1 O-O 9. Nbd2 Ng4 10. Re2 d6 11. h3 Nf6 12. b4 Nh5 13.
Nf1 Qf6 14. N1h2 Nf4 15. Bxf4 Qxf4 16. b5 Nd8 17. d4 exd4 18. cxd4 Ne6 19. bxa6 bxa6 20. Rb1 Bb6 21. Bd5 Ra7 22. Qd2 Bd7 23. Qb4 a5 24. Qc4 h5 25. Reb2 Bc8 26. g3 Qf6 27. e5 dxe5 28.
dxe5 Qf5 29. Qh4 Bb7 30. Bxb7 Rxb7 31. Kg2 Rbb8 32. Nf1 Rbd8 33. Ne3 Bxe3 34. fxe3 Rd3 35. Rb3 Rxb3 36. Rf1 Rb2+ 0-1

[Event "25th European Club Cup Women 2021"]
[Site "Struga"]
[Date "2021.09.21"]
[Round "4.1"]
[White "Bivol, Alina"]
[Black "Shuvalova, Polina"]
[Result "1/2-1/2"]
[ECO "C54"]
[WhiteElo "2385"]
[BlackElo "2510"]
[Annotator "ChessBase"]
[PlyCount "134"]
[EventDate "2021.09.18"]
[EventType "team-tourn"]
[EventCountry "MKD"]
[SourceTitle "playchess.com"]
[Source "ChessBase"]
[SourceQuality "1"]
[TimeControl "40/5400+30:1800+30"]

1. e4 e5 2. Nf3 Nc6 3. Bc4 Bc5 4. c3 Nf6 5. d4 exd4 6. e5 d5 7. Bb5 Ne4 8. cxd4 Bb6 9. Be3 O-O 10. Nc3 Bg4 11. h3 Bh5 12. Qc2 Nxc3 13.
bxc3 f6 14. exf6 Qxf6 15. Be2 Na5 16. O-O Bxf3 17. Bxf3 c6 18.
Rae1 Nc4 19. Bc1 Bc7 20. Bg4 Rae8 21. Re2 Nd6 22. f4 Ne4 23. Qd3 Qh4 24. c4 h5 25. Bd7 Rd8 26. Be6+ Kh8 27. Rf3 Bxf4 28. Bxf4 Rxf4 29. cxd5 cxd5 30. Rxf4 Qxf4 31. Bxd5 Qc1+ 32. Kh2 Qc7+ 33. Kg1 Qc1+ 34. Kh2 Qf4+ 35. Kg1 Ng3 36. Re1 b6 37. a4 h4 38. Bc6 Qxd4+ 39. Qxd4 Rxd4 40. Kf2 Rf4+ 41. Ke3 g5 42. a5 bxa5 43. Kd3 Kg7 44. Re7+ Rf7 45. Re5 Rf5 46. Re7+ Kf6 47. Rxa7 Rc5 48. Bf3 Ke5 49. Ra8 Nf5 50. Re8+ Kf4 51. Re4+ Kg3 52. Rg4+ Kf2 53. Rxg5 a4 54. Rg4 Ra5 55. Re4 a3 56. Re2+ Kf1 57. Ra2 Re5 58. Be4 Nd6 59. Bf3 Ra5 60. Kc3 Nf5 61. Kb4 Ra7 62. Kc3 Kg1 63. Kd3 Re7 64. Be4 Ng3 65. Ra1+ Kf2 66. Ra2+ Kg1 67. Ra1+ Kf2 1/2-1/2

[Event "25th European Club Cup Women 2021"]
[Site "Struga"]
[Date "2021.09.21"]
[Round "4.2"]
[White "Atalik, Ekaterina"]
[Black "Heinemann, Josefine"]
[Result "1/2-1/2"]
[ECO "D02"]
[WhiteElo "2429"]
[BlackElo "2292"]
[Annotator "ChessBase"]
[PlyCount "147"]
[EventDate "2021.09.18"]
[EventType "team-tourn"]
[EventCountry "MKD"]
[SourceTitle "playchess.com"]
[Source "ChessBase"]
[SourceQuality "1"]
[TimeControl "40/5400+30:1800+30"]

1. d4 Nf6 2. Nf3 e6 3. Bf4 d5 4. e3 Bd6 5. Nbd2 O-O 6. Bd3 b6 7. O-O Bxf4 8. exf4 c5 9. c3 Ba6 10. Bxa6 Nxa6 11. Qa4 Nb8 12. Ne5 Qd6 13. Ndf3 Nfd7 14. Rfe1 f6 15. Nxd7 Nxd7 16. Re2 Rf7 17. Rae1 Nf8 18. g3 Rc7 19. Qc2 g6 20. Qd3 a6 21. h4 h5 22. dxc5 bxc5 23.
Rd1 a5 24. Ne1 Qa6 25. Qf3 Rb8 26. Rdd2 c4 27. Ng2 Rb6 28. f5 gxf5 29. Nf4 Rf7 30. Qxh5 Qb7 31. Qh6 Rd6 32. Ng6 Nxg6 33. Qxg6+ Kf8 34. Qh6+ Kg8 35. Rd1 Rb6 36. Rde1 Qd7 37. Qe3 Rc6 38. Qh6 e5 39. Rd1 Rg7 40. Kh2 f4 41. Qh5 fxg3+ 42. fxg3 Rd6 43. Red2 Qe6 44. Qf3 Rgd7 45. Re1 Rb6 46. g4 Rbd6 47. Qg3 Rg7 48. Rg2 d4 49. cxd4 Rxd4 50. g5 Rd3 51. Re3 Rxe3 52. Qxe3 fxg5 53. Rxg5 Rxg5 54. Qxg5+ Kh7 55. Kg3 Qd5 56. Qf5+ Kh6 57. Qg5+ Kh7 58. Qe3 a4 59. Kf2 Qd4 60. Kf3 Qxb2 61. Qe4+ Kg7 62. Qxc4 a3 63. Ke4 Kh6 64. Kf5 Qf2+ 65. Kxe5 Qg3+ 66. Kd5 Kh5 67. Kc5 Qc7+ 68. Kb4 Qxc4+ 69. Kxc4 Kxh4 70. Kb3 Kg5 71. Kxa3 Kf6 72. Kb4 Ke7 73. Kb5 Kd7 74. Kb6 1/2-1/2

[Event "25th European Club Cup Women 2021"]
[Site "Struga"]
[Date "2021.09.21"]
[Round "4.3"]
[White "Dordzhieva, Dinara"]
[Black "Bulmaga, Irina"]
[Result "1/2-1/2"]
[ECO "E04"]
[WhiteElo "2303"]
[BlackElo "2407"]
[Annotator "NA"]
[PlyCount "84"]
[EventDate "2021.09.18"]
[EventType "team-tourn"]
[EventCountry "MKD"]
[SourceTitle "playchess.com"]
[Source "ChessBase"]
[SourceQuality "1"]
[TimeControl "40/5400+30:1800+30"]

1. d4 Nf6 2. c4 e6 3. Nf3 d5 4. g3 dxc4 5. Bg2 a6 6. O-O Nc6 7. Be3 Nd5 8.
Qc1 Nxe3 9. fxe3 Be7 10. Nbd2 O-O 11. Nxc4 Rb8 12. a3 f6 13. Qc2 Bd7 14. Ncd2 Bd6 15. Ne4 Qe7 16. Rac1 e5 17. Nc5 Bg4 18. Nxb7 Rxb7 19. Qxc6 Rxb2 20. dxe5 Bxf3 21. exf3 Qxe5 22. Qc3 Qb5 23. a4 Qe2 24. Qc4+ Qxc4 25. Rxc4 Rfb8 26. Rf2 Rxf2 27. Kxf2 Rb2+ 28. Kg1 Re2 29. Rc3 a5 30. Bf1 Re1 31. Kf2 Ra1 32. Rc4 Ra2+ 33. Be2 Kf8 34. f4 Ke7 35. Kf3 Kd8 36. h4 c5 37. Re4 f5 38.
Re6 Kc7 39. Bb5 Rc2 40. e4 Rc3+ 41. Kg2 fxe4 42. Rxe4 Rb3 1/2-1/2

[Event "25th European Club Cup Women 2021"]
[Site "Struga"]
[Date "2021.09.21"]
[Round "4.4"]
[White "Stojkovska, Monika"]
[Black "Trippold, Denise"]
[Result "0-1"]
[ECO "B48"]
[WhiteElo "2081"]
[BlackElo "2046"]
[Annotator "NA"]
[PlyCount "68"]
[EventDate "2021.09.18"]
[EventType "team-tourn"]
[EventCountry "MKD"]
[SourceTitle "playchess.com"]
[Source "ChessBase"]
[SourceQuality "1"]
[TimeControl "40/5400+30:1800+30"]

1. e4 c5 2. Nf3 e6 3. d4 cxd4 4. Nxd4 Nc6 5. Nc3 Qc7 6. Be3 a6 7. Qd2 Nf6 8. f3 b5 9. g4 Nxd4 10. Bxd4 Bb7 11. O-O-O Be7 12. h4 b4 13. Ne2 Rc8 14. Bg2 O-O 15. g5 Nh5 16. Kb1 e5 17. Be3 d5 18.
Rc1 Rcd8 19. Qe1 a5 20. Qf2 d4 21. Bd2 Bd6 22. Bh3 a4 23.
Bg4 Nf4 24. h5 Qe7 25. Bxf4 exf4 26. Qh4 Qe5 27. g6 Ba6 28. gxh7+ Kh8 29. Ng1 a3 30. h6 d3 31. hxg7+ Qxg7 32. c3 d2 33. Nh3 dxc1=Q+ 34. Rxc1 Bd3+ 0-1

[Event "25th European Club Cup Women 2021"]
[Site "Struga"]
[Date "2021.09.21"]
[Round "4.5"]
[White "Muzychuk, Anna"]
[Black "Peycheva, Gergana"]
[Result "1-0"]
[ECO "B12"]
[WhiteElo "2534"]
[BlackElo "2331"]
[Annotator "ChessBase"]
[PlyCount "71"]
[EventDate "2021.09.18"]
[EventType "team-tourn"]
[EventCountry "MKD"]
[SourceTitle "playchess.com"]
[Source "ChessBase"]
[SourceQuality "1"]
[TimeControl "40/5400+30:1800+30"]

1. e4 c6 2. d4 d5 3. e5 Bf5 4. c4 e6 5. Nc3 h6 6. Nge2 Ne7 7. Ng3 Bh7 8.
Be3 Nd7 9. c5 b6 10. b4 bxc5 11. bxc5 Qa5 12. Qd2 Nf5 13. Nxf5 Bxf5 14. Be2 Be7 15. O-O Rb8 16. g4 Bh7 17. f4 h5 18. f5 hxg4 19. fxe6 fxe6 20. Nxd5 Qxd2 21. Nc7+ Kd8 22. Nxe6+ Ke8 23. Nxg7+ Kd8 24. Ne6+ Ke8 25. Bxd2 Bh4 26. Bxg4 Rg8 27. h3 Rb2 28. Be1 Be4 29. Nc7+ Kd8 30. Bxh4+ Kxc7 31. Rf2 Rxf2 32. Kxf2 Rf8+ 33. Ke3 Bd5 34. Be7 Rg8 35. Bd6+ Kd8 36. Rb1 1-0

[Event "25th European Club Cup Women 2021"]
[Site "Struga"]
[Date "2021.09.21"]
[Round "4.6"]
[White "Toncheva, Nadya"]
[Black "Abdumalik, Zhansaya"]
[Result "0-1"]
[ECO "B15"]
[WhiteElo "2178"]
[BlackElo "2502"]
[Annotator "ChessBase"]
[PlyCount "106"]
[EventDate "2021.09.18"]
[EventType "team-tourn"]
[EventCountry "MKD"]
[SourceTitle "playchess.com"]
[Source "ChessBase"]
[SourceQuality "1"]
[TimeControl "40/5400+30:1800+30"]

1. e4 c6 2. d4 d5 3. Nc3 dxe4 4. Nxe4 Nf6 5. Nxf6+ exf6 6. c3 Bd6 7. Bd3 O-O 8. Qc2 Re8+ 9. Ne2 h5 10. O-O h4 11. h3 Nd7 12. Bf4 Nf8 13.
Bxd6 Qxd6 14. Rad1 Bd7 15. c4 f5 16. Qd2 Qf6 17. f4 Rad8 18.
Rfe1 Bc8 19. Qa5 a6 20. Qc5 g6 21. Bc2 Re3 22. Kf2 Rde8 23.
Rd2 g5 24. Red1 gxf4 25. Ng1 Qg5 26. Nf3 Qg3+ 27. Kf1 Rxf3+ 28. gxf3 Qxf3+ 29. Kg1 Qxh3 30. Rg2+ Ng6 31. Qd6 Kg7 32. Rf1 f3 33. Rgf2 Re4 34. Bxe4 fxe4 35. Qh2 Qg3+ 36. Qxg3 hxg3 37. Rxf3 exf3 38. Rxf3 f5 39. Rxg3 f4 40. Rd3 Kf6 41. Kf2 Kf5 42. Rd1 Ke4 43. b3 Bg4 44. Rg1 Bf5 45. Rd1 f3 46. Re1+ Kf4 47. Re8 c5 48. dxc5 Ne5 49. Rf8 Nd3+ 50. Kf1 Ke4 51. Rh8 Nxc5 52. b4 Ke3 53. Rh2 Ne4 0-1

[Event "25th European Club Cup Women 2021"]
[Site "Struga"]
[Date "2021.09.21"]
[Round "4.7"]
[White "Osmak, Iulija"]
[Black "Galunova, Tsveta"]
[Result "1-0"]
[ECO "D27"]
[WhiteElo "2428"]
[BlackElo "2190"]
[Annotator "NA"]
[PlyCount "59"]
[EventDate "2021.09.18"]
[EventType "team-tourn"]
[EventCountry "MKD"]
[SourceTitle "playchess.com"]
[Source "ChessBase"]
[SourceQuality "1"]
[TimeControl "40/5400+30:1800+30"]

1. d4 d5 2. c4 dxc4 3. Nf3 Nf6 4. e3 e6 5. Bxc4 c5 6. O-O Nc6 7. Nc3 a6 8. Bb3 b5 9. d5 exd5 10. Nxd5 c4 11. Nxf6+ Qxf6 12. Bc2 Bb7 13. e4 Rd8 14. Qe2 Ne5 15. Nxe5 Qxe5 16. f4 Bc5+ 17. Kh1 Qf6 18. e5 Qc6 19. f5 O-O 20. Rf3 Bd4 21. Rg3 Rfe8 22. Bf4 Bxb2 23. Qg4 g6 24. Re1 Kh8 25. Qh4 Rd7 26. fxg6 fxg6 27. Rxg6 Re6 28. Rg4 Re8 29. Bg5 Bxe5 30. Bf6+ 1-0

[Event "25th European Club Cup Women 2021"]
[Site "Struga"]
[Date "2021.09.21"]
[Round "4.8"]
[White "Trajkovska, Sanja"]
[Black "Buksa, Nataliya"]
[Result "0-1"]
[ECO "B20"]
[WhiteElo "1968"]
[BlackElo "2417"]
[Annotator "NA"]
[PlyCount "66"]
[EventDate "2021.09.18"]
[EventType "team-tourn"]
[EventCountry "MKD"]
[SourceTitle "playchess.com"]
[Source "ChessBase"]
[SourceQuality "1"]
[TimeControl "40/5400+30:1800+30"]

1. e4 c5 2. b4 cxb4 3. a3 e5 4. Nf3 Nc6 5. Bb2 d5 6. exd5 Qxd5 7. axb4 Bxb4 8. Nc3 Bxc3 9. Bxc3 Nf6 10. Ra4 O-O 11. Bc4 Qe4+ 12. Kf1 Qf5 13. h3 e4 14. Nd4 Nxd4 15. Bxd4 Be6 16. Bxe6 Qxe6 17. Qa1 a6 18. h4 Rfd8 19. Bc3 b5 20. Bxf6 Qxf6 21. Qxf6 gxf6 22. Rxe4 Rxd2 23. Re2 Rd4 24. Rh3 a5 25. c3 Ra4 26. Rb2 Ra1+ 27. Ke2 a4 28. Rd3 a3 29. Rbd2 Kg7 30. Rd1 Re8+ 31. Kf3 Rxd1 32. Rxd1 Rc8 33. Rc1 b4 0-1